AoeStats
← xXLucaComXx

MegaRandom

507099498Analyzed
4v4 RM · 16d ago on Sep 16, 2026· 24m 24s· 8 players
Game mode
Random Map
Map size
Large (8 player)
Population
200
Speed
Normal
Resources
Standard
Victory
Conquest
Starting age
Dark Age
Ending age
Imperial Age
RankedLock teamsTeams togetherTeam positionsShared explorationLock speedFull tech treeHidden civsTurbo modeCheats
Victory
Defeat
🇩🇪 Maya · Germany
1104
+13
🇩🇪 Lithuanians · Germany
1084
+14
🇩🇪 Burgundians · Germany
1071
+15
🇩🇪 Khmer · Germany
1063
+15
🇬🇧 Romans · United Kingdom
1069
-15
🇲🇽 Vikings · Mexico
1051
-15
1042
-14
🇲🇽 Japanese · Mexico
1018
-13
Brooony
1:31 Loom
8:53 Feudal Age
13:51 Castle Age
13:18 Bloodlines
16:41 Forging
17:06 Scale Barding Armor
17:53 Horse Collar
19:40 Iron Casting
19:26 Chain Barding Armor
22:19 Wheelbarrow
23:28 Heavy Plow
24:06 Double-Bit Axe
Cheo
2:27 Loom
12:26 Feudal Age
12:53 Town Watch
12:51 Horse Collar
12:58 Double-Bit Axe
13:11 Stone Mining
13:11 Gold Mining
13:21 Gold Mining
18:39 Castle Age
18:03 Fletching
18:47 Scale Mail Armor
18:58 Forging
18:36 Man-at-Arms
19:02 Arson
19:25 Gambesons
19:41 Squires
19:01 Pikeman
19:58 Chain Mail Armor
19:41 Bodkin Arrow
The Viper (Minus quick walls)
7:45 Loom
10:43 Feudal Age
14:02 Wheelbarrow
13:54 Scale Barding Armor
13:53 Double-Bit Axe
14:36 Forging
15:32 Horse Collar
17:55 Wheelbarrow
20:47 Castle Age
19:42 Bloodlines
20:14 Town Watch
22:55 Chain Barding Armor
SER
1:16 Loom
10:36 Feudal Age
11:23 Double-Bit Axe
11:20 Horse Collar
12:30 Town Watch
15:25 Wheelbarrow
18:31 Castle Age
18:38 Gold Mining
18:58 Padded Archer Armor
19:46 Fletching
19:20 Crossbowman
20:21 Town Patrol
20:46 Bodkin Arrow
22:02 Leather Archer Armor
21:54 Thumb Ring
21:39 Elite Skirmisher
23:01 Bow Saw
22:51 Heavy Plow
Lankos
6:41 Loom
8:53 Feudal Age
10:03 Double-Bit Axe
13:26 Castle Age
13:10 Bloodlines
14:29 Husbandry
14:45 Gold Mining
15:48 Scale Barding Armor
16:44 Forging
20:21 Horse Collar
20:53 Bow Saw
24:39 Iron Casting
24:25 Chain Barding Armor
rickert.junge
11:33 Feudal Age
10:02 Double-Bit Axe
16:14 Castle Age
15:02 Scale Barding Armor
16:06 Forging
16:38 Bow Saw
16:38 Loom
18:11 Wheelbarrow
18:25 Iron Casting
20:36 Chain Barding Armor
Magicarp5000
12:30 Feudal Age
10:46 Loom
13:21 Double-Bit Axe
13:37 Horse Collar
14:31 Gold Mining
18:18 Castle Age
17:30 Scale Barding Armor
18:25 Bloodlines
xXLucaComXx
0:48 Loom
10:55 Feudal Age
14:30 Castle Age
14:08 Wheelbarrow
14:01 Double-Bit Axe
14:02 Horse Collar
15:31 Bow Saw
15:48 Fletching
18:48 Hand Cart
19:19 Padded Archer Armor
19:37 Town Watch
21:29 Bodkin Arrow
23:58 Padded Archer Armor
Connection lost

Rejoining the realm…

Still unreachable

The connection could not be restored.

Session expired

The server has moved on; the page needs a fresh start.